 Dungeon Crawl Stone Soup version 0.31-a0-1204-ge2c1a860ed (webtiles) character file.

Game seed: 14374537939611161935

91 Anonymone the Stinger (level 4, -5/31 HPs)
             Began as a Demonspawn Venom Mage on Dec 12, 2023.
             Killed from afar by Sigmund (9 damage)
             ... with a magic dart
             ... on level 3 of the Dungeon.
             The game lasted 00:06:17 (1602 turns).

Anonymone the Stinger (Demonspawn Venom Mage)       Turns: 1602, Time: 00:06:17

Health: -5/31      AC:  4    Str:  9    XL:     4   Next: 34%
Magic:  7/7        EV: 12    Int: 17    God:
Gold:   110        SH:  0    Dex: 13    Spells: 3/8 levels left

rFire   + . .        i - +1 dagger (elec)
rCold   + . .        (no shield)
rNeg    . . .        a - +0 robe
rPois   +            (no helmet)
rElec   +            (no cloak)
rCorr   +            (no gloves)
SInv    .            (no boots)
Will    .....        f - amulet of magic regeneration
Stlth   +            (no ring)
HPRegen 0.25/turn    (no ring)
MPRegen 0.50/turn

%: no passive effects
@: confused, resistant, weak-willed, attractive, hasted, very quick
A: rugged brown scales 2, powered by pain 1
a: no special abilities


You were on level 3 of the Dungeon.
You visited 1 branch of the dungeon, and saw 3 of its levels.

You collected 110 gold pieces.

Inventory:

Hand Weapons
 d - a +0 short sword
 i - a +1 dagger of electrocution (weapon)
 k - a +0 dagger of distortion
Armour
 a - a +0 robe (worn)
Jewellery
 f - an amulet of magic regeneration (around neck)
Wands
 l - a wand of roots (5)
Scrolls
 g - 2 scrolls of vulnerability
Potions
 b - 2 potions of magic


   Skills:
 - Level 1.9 Dodging
 - Level 1.9 Stealth
 - Level 2.5 Spellcasting
 - Level 1.9 Hexes
 - Level 1.0 Transmutations
 * Level 1.6 Air Magic
 - Level 3.4 Poison Magic


You had 3 spell levels left.
You knew the following spells:

 Your Spells              Type           Power      Damage    Failure   Level
a - Sting                 Tmut/Pois      36%        1d4       8%          1
b - Poisonous Vapours     Pois/Air       20%        N/A       10%         2
c - Jinxbite              Hex            16%        N/A       13%         2

Your spell library contained the following spells:

 Spells                   Type           Power      Damage    Failure   Level
 Apportation              Tloc           4%         N/A       19%         1
 Ensorcelled Hibernation  Hex/Ice        10%        N/A       19%         2
 Wereblood                Tmut           5%         N/A       19%         2
 Passwall                 Tmut/Erth      2%         N/A       22%         2
 Mephitic Cloud           Conj/Pois/Air  7%         N/A       26%         3
 Sublimation of Blood     Necr           2%         N/A       28%         2
 Swiftness                Air            7%         N/A       28%         3
 Olgreb's Toxic Radiance  Pois           13%        N/A       41%         4
 Anguish                  Hex/Necr       2%         N/A       77%         4
 Alistair's Intoxication  Tmut/Pois      6%         N/A       90%         5
 Summon Hydra             Summ           1%         N/A       100%        7


Dungeon Overview and Level Annotations

Branches:
Dungeon (3/15)

Altars:
Kikubaaqudgha

Annotations:
D:3 Sigmund


Innate Abilities, Weirdness & Mutations

You are mostly covered in rugged brown scales. (AC +2, +5% HP)
You sometimes gain a little power by taking damage.


Message History

As you read the scroll labelled FEULITAPPO, it crumbles to dust.
You assume a fearsome visage.
Sigmund looks frightened!
It was a scroll of fear.
Sigmund howls in fear.
Sigmund gestures wildly while chanting.
Sigmund flickers and vanishes!
Deactivating autopickup; reactivate with Ctrl-A.
As you read the scroll labelled FEVYPS KAMO, it crumbles to dust.
Magic quickly surges around you.
It was a scroll of vulnerability.
As you read the scroll labelled PYNOG ERUAWK, it crumbles to dust.
You hear a loud clanging noise!
It was a scroll of noise.
You hear a shout!
Something hits you.
Okay, then.
It was a potion of attraction.
You feel attractive to monsters. Something is attracted toward you.
It was a potion of haste.
You feel yourself speed up. Something hits you!
* * * LOW HITPOINT WARNING * * *
It was a potion of resistance.
You feel protected. Something hits you.
* * * LOW HITPOINT WARNING * * *
Something is attracted toward you. Something is attracted toward you.
You hear some strange, mumbled words.
You are confused.
Something is attracted toward you.
You hear some strange, mumbled words.
A puff of flame appears from out of thin air!
The puff of flame hits you. You resist.
* * * LOW HITPOINT WARNING * * *
Something is attracted toward you. Something is attracted toward you.
You bump into the rock wall.
You hear some strange, mumbled words.
A magic dart appears from out of thin air!
The magic dart hits you!
You die...

...........#
........#.##
.#######.#.#
...........#
########.###
#.# #.#
############.#
#...§§§§§{@..#
#.############
#.# #.# #.#
#.# #@# #.#
#.#


There were no monsters in sight!

Vanquished Creatures
  Jessica (D:2)
  An adder (D:2)
  A dart slug (D:1)
  5 orcs
  An endoplasm (D:1)
  2 giant cockroaches
  8 goblins
  6 hobgoblins
  4 jackals (D:1)
  2 quokkas (D:2)
  2 ball pythons
  7 bats
  A frilled lizard (D:1)
  2 kobolds
  2 rats (D:2)
45 creatures vanquished.

Notes
Turn   | Place    | Note
-------+----------+-------------------------------------------
     0 | D:1      | Anonymone the Demonspawn Venom Mage began the quest for the
                  | Orb.
     0 | D:1      | Reached XP level 1. HP: 13/13 MP: 3/3
   109 | D:1      | Reached skill level 1 in Transmutations
   217 | D:1      | Gained mutation: You are partially covered in rugged brown
                  | scales. (AC +1, +3% HP) [demonic ancestry]
   217 | D:1      | Reached XP level 2. HP: 11/19 MP: 1/5
   755 | D:2      | Learned a level 2 spell: Poisonous Vapours
   758 | D:2      | Learned a level 2 spell: Jinxbite
   813 | D:2      | Gained mutation: You are mostly covered in rugged brown
                  | scales. (AC +2, +5% HP) [demonic ancestry]
   813 | D:2      | Reached XP level 3. HP: 19/25 MP: 4/6
   923 | D:2      | Noticed Jessica
   966 | D:2      | Found an ancient bone altar of Kikubaaqudgha.
  1042 | D:2      | Killed Jessica
  1043 | D:2      | Reached skill level 1 in Hexes
  1043 | D:2      | Reached skill level 1 in Air Magic
  1043 | D:2      | Gained mutation: You sometimes gain a little power by
                  | taking damage. [demonic ancestry]
  1043 | D:2      | Reached XP level 4. HP: 31/31 MP: 0/7
  1568 | D:3      | Noticed Sigmund
  1602 | D:3      | Killed from afar by Sigmund

Illustrated notes

Levels and vault maps discovered:
D:1:      onia_arrival_pyramid, layout_rooms
D:2:      layout_loops_ring, basic_altar, serial_park_tiny_1,
          minmay_misc_feat_tiny, nicolae_titane, uniq_jessica
D:3:      layout_loops_ring, basic_ecumenical_altar, serial_shops,
          nicolae_shop_stone, roderic_lattice_a, uniq_sigmund

Skill      XL: |  1  2  3 |
---------------+----------+-----
Transmutations | 1 |  1.0
Hexes          | 1 |  1.9
Air Magic      | 1 |  1.6
Dodging        | |  1.9
Stealth        | |  1.9
Spellcasting   | |  2.5
Poison Magic   | |  3.4

Action                     |  1- 3 |  4- 6 || total
---------------------------+-------+-------++-------
  Melee: Short sword       |    16 |       ||    16
         Unarmed           |     1 |       ||     1
         Dagger            |     5 |     7 ||    12
   Cast: Sting             |    55 |    28 ||    83
         Poisonous Vapours |     3 |     3 ||     6
         Jinxbite          |     1 |     2 ||     3
    Use: Scroll            |       |     4 ||     4
         Potion            |       |     3 ||     3
 Armour: Robe              |    18 |    17 ||    35
  Dodge: Dodged            |    32 |    12 ||    44

Table legend: (Time is in decaauts)
 A = Elapsed time spent in this place.
 B = Non-inter-level travel time spent in this place.
 C = Inter-level travel time spent in this place.
 D = Time resting spent in this place.
 E = Time spent auto-exploring this place.
 F = Levels seen in this place.
 G = Mean time per level.
                   A        B        C        D        E       F      G
               +--------+--------+--------+--------+--------+-----+--------+
         Total |   1598 |   1515 |     83 |     59 |   1145 |   3 |  532.7 |
       Dungeon |   1598 |   1515 |     83 |     59 |   1145 |   3 |  532.7 |
               +--------+--------+--------+--------+--------+-----+--------+

Top non-repeatable levels by time:
     D:1: 739 daAuts
     D:2: 702 daAuts
     D:3: 156 daAuts
